 Dungeon Crawl Stone Soup version 0.30-a0-6-g7c9e10e132 (webtiles) character file.

Game seed: 6958267170336286668

604 spaghetti the Ruffian (level 7, -4/57 HPs)
             Began as a Vine Stalker Chaos Knight on Aug 22, 2022.
             Was a Plaything of Xom.
             Slain by a gnoll
             ... wielding a +0 vorpal flail
              (5 damage)
             ... on level 4 of the Dungeon.
             The game lasted 00:07:43 (3983 turns).

spaghetti the Ruffian (Vine Stalker Chaos Knight)   Turns: 3983, Time: 00:07:44

Health: -4/57      AC: 23    Str: 17    XL:     7   Next: 42%
Magic:  0/8        EV:  2    Int: 10    God:    Xom [.....*]
Gold:   48         SH:  0    Dex: 13    Spells: 6/6 levels left

rFire   . . .      SeeInvis .      - Unarmed
rCold   . . .      Faith    .    (no shield)
rNeg    . . .      Spirit   +    (body armour currently unavailable)
rPois   +          Reflect  .    (helmet currently unavailable)
rElec   .          Harm     .    (cloak currently unavailable)
rCorr   .          Rampage  .    (gloves currently unavailable)
Will    .....      NoTele   +    (boots currently unavailable)
Stlth   +.........               (no amulet)
HPRegen 0.99/turn                (no ring)
MPRegen 0.11/turn                (no ring)

@: brilliant, tree-form, hasted, very quick
A: stationary, stasis, torment immunity, boosted hp, (fangs 2), regeneration 1,
magic shield, (antimagic bite), no potion heal 2, dopey 1
a: Renounce Religion


You were on level 4 of the Dungeon.
You worshipped Xom.
You were Xom's teddy bear.
You were a tree.
You visited 1 branch of the dungeon, and saw 4 of its levels.
You also visited: Sewer.

You collected 174 gold pieces.
You spent 126 gold pieces at shops.


Innate Abilities, Weirdness & Mutations

You are a tree.
Your roots penetrate the ground, keeping you stationary.
You cannot be teleported.
You are immune to unholy pain and torment.
Your maximum health is greatly increased.
Your equipment is partially melded.
((You have extremely sharp teeth.))
Your natural rate of healing is unusually fast.
When hurt, damage is shared between your health and your magic reserves.
((Your bite disrupts and absorbs the magic of your enemies.))
Potions cannot restore your health.
You are dopey. (Int -2)


   Skills:
 + Level 4.9 Fighting
 + Level 4.0 Armour
 - Level 0.7 Dodging
 + Level 5.3 Unarmed Combat


You had 6 spell levels left.
You didn't know any spells.
Your spell library contained the following spells:

 Spells                   Type           Power      Damage    Failure   Level
 Summon Small Mammal      Summ           0%         N/A       36%         1
 Call Canine Familiar     Summ           0%         N/A       75%         3
 Summon Guardian Golem    Hex/Summ       0%         N/A       75%         3

Inventory:

Missiles
 c - 40 stones {throwing}
 q - 6 curare-tipped darts {=fthrowing}
Armour
 a - a +2 leather armour (melded)
 u - a +1 pair of gloves (melded)
   (You bought it in a shop on level 2 of the Dungeon)
Jewellery
 f - a ring of ice
   (You found it on level 1 of the Dungeon)
Scrolls
 d - 2 scrolls of enchant weapon {unknown}
 e - 4 scrolls of noise {unknown}
 h - 2 scrolls of vulnerability {unknown}
 j - 2 scrolls of teleportation {unknown}
 k - a scroll of identify {unknown}
 l - a scroll of silence {unknown}
 m - 2 scrolls of fog {unknown}
 o - a scroll of magic mapping {unknown}
 p - a scroll of amnesia {unknown}
 r - a scroll of poison {unknown}
 t - a scroll of torment {unknown}
Potions
 i - a potion of heal wounds {@q2}
 n - a potion of invisibility
Miscellaneous
 b - a piece from Xom's chessboard (15/15) (quivered)

Dungeon Overview and Level Annotations

Branches:
Dungeon (4/15) Zot: 20113   Sewer (visited)
 Temple: D:4-7

Altars:
Wu Jian

Shops:
D:2

* ###########
..........##
..)........#
...........#############
........................
......§§§...............
......§♣g>..............
......ggg...............
......................†.
<.......................
........................
....................>...
................######.#
##############.........#
###########


You could see 4 gnolls.


Message History

You are too injured to fight recklessly!
You are too injured to fight recklessly!
You are too injured to fight recklessly!
You are too injured to fight recklessly!
You closely miss the hound. You bite the hound. You drain its power.
You feel invigorated.
The hound closely misses you. 😕 HP[+1] MP[+1]
Your mp is fully restored (8).
You barely miss the hound. The hound barely misses you. 😕 HP[+1]
You punch the hound!
You kill the hound!
Your Armour skill increases to level 4! 😎 HP[+1]
Your hp is fully restored (38).
You see here a hound corpse.
You now have 48 gold pieces (gained 9).
m - 2 scrolls labelled SUIH HOEXIPHIF (gained 1)
There is an escape hatch in the floor here.
Found a stone staircase leading down. 2 gnolls come into view.
The gnoll shouts!
There are monsters nearby!
There are monsters nearby!
A gnoll comes into view. It is wielding a +0 spear.
A gnoll comes into view. It is wielding a +0 vorpal flail.
The gnoll shouts! x3
The gnoll hits you but does no damage.
You hit the gnoll but do no damage.
The gnoll throws a throwing net.
The throwing net hits you.
You become entangled in the net!
Unknown command.
You struggle against the net.
The gnoll hits you with a +0 club. The gnoll closely misses you. 😕 HP[-3]
You take 3 damage, and now have 35/38 hp.
You tear a large gash into the net.
The gnoll hits you with a +0 club. The gnoll barely misses you.
The gnoll hits you with a +0 flail! 😮 HP[-14] MP[-3]
You take 14 damage, and now have 21/38 hp.
MASSIVE DAMAGE!! (PAUSE)
You lost 3 mp, and now have 5/8 mp.
Unknown command.
You rip the net and break free!
The gnoll closely misses you. The gnoll hits you but does no damage.
The gnoll hits you with a +0 flail!
* * * LOW HITPOINT WARNING * * *
The gnoll closely misses you. 😨 HP[-5] MP[-1]
You take 5 damage, and now have 16/38 hp.
You lost 1 mp, and now have 4/8 mp.
Unknown command.
You barely miss the gnoll.
Your bite misses the gnoll. 😨 HP[+1] Really quaff
g - a potion of lignification {!q}?
Okay, then.
Found an escape hatch in the ceiling.
The gnoll closely misses you. The gnoll barely misses you.
The gnoll hits you with a +0 vorpal flail!
* * * LOW HITPOINT WARNING * * *
You emit a cloud of colourful smoke!
* * * LOW HITPOINT WARNING * * *
😨 HP[-6] MP[-2]
You take 6 damage, and now have 11/38 hp.
You lost 2 mp, and now have 2/8 mp.
Really quaff
g - a potion of lignification {!q}?
Really quaff the potion of lignification?
You turn into a tree.
Your +1 pair of gloves melds into your body.
Your +2 leather armour melds into your body.
Your roots penetrate the ground.
The gnoll hits you but does no damage. The gnoll hits you with a +0 club.
* * * LOW HITPOINT WARNING * * *
The gnoll hits you with a +0 spear.
* * * LOW HITPOINT WARNING * * *
The gnoll hits you with a +0 vorpal flail!
* * * LOW HITPOINT WARNING * * *
x2 😱 HP[-4] MP[-1]
You now have 57 max hp (+19).
You lost 1 mp, and now have 1/8 mp.
Unknown command.
Unknown command.
Unknown command.
You feel yourself speed up. The gnoll hits you but does no damage.
The gnoll hits you with a +0 club.
* * * LOW HITPOINT WARNING * * *
The gnoll hits you but does no damage. x2 😱 MP[+1] It was a potion of brilliance.
You feel clever all of a sudden. The gnoll hits you with a +0 spear.
* * * LOW HITPOINT WARNING * * *
The gnoll hits you but does no damage. x3 😱 HP[-3]
You take 3 damage, and now have 4/57 hp.
It was a potion of curing.
That felt strangely inert.
The gnoll hits you with a +0 flail.
* * * LOW HITPOINT WARNING * * *
The gnoll barely misses you. x2
The gnoll hits you with a +0 vorpal flail.
You die...

Skill      XL: |  1  2  3  4  5  6  7 |
---------------+----------------------+-----
Fighting       | 3 4 |  4.9
Armour         | 2 3 4 |  4.0
Unarmed Combat | 4 5 |  5.3
Dodging        | |  0.7

Action                   |  1- 3 |  4- 6 |  7- 9 || total
-------------------------+-------+-------+-------++-------
Melee: Unarmed           |   125 |   199 |    46 ||   370
       Bite              |    18 |    44 |    12 ||    74
       Punch             |       |     2 |       ||     2
  Use: Potion            |     1 |     5 |     4 ||    10
Armor: Leather armour    |    59 |    79 |    26 ||   164
       Skin              |       |    49 |     7 ||    56
Dodge: Dodged            |    68 |   157 |    38 ||   263

Levels and vault maps discovered:
D:1:      scummos_arrival_simple_fountains, layout_basic,
          shapermc_ecumenical_altar_mp_urbaneastern
D:2:      layout_basic, basic_altar, serial_shops, nicolae_shop_stone
D:3:      layout_loops_ring, mainiacjoe_overflow_small_starburst,
          lightli_sewer_entry_pipes, uniq_ijyb
D:4:      kb_forest_paths, layout_basic

Notes
Turn   | Place    | Note
-------+----------+-------------------------------------------
     0 | D:1      | spaghetti the Vine Stalker Chaos Knight began the quest for
                  | the Orb.
     0 | D:1      | Reached XP level 1. HP: 11/11 MP: 2/2
     0 | D:1      | magus.rc [v1.9.6]
   121 | D:1      | XOM: butterfly on damage
   212 | D:1      | Found a faded altar of an unknown god.
   287 | D:1      | XOM: silly message
   289 | D:1      | Reached XP level 2. HP: 15/16 MP: 1/3
   310 | D:1      | XOM: divination: detect items
   366 | D:1      | XOM is BORED!
   366 | D:1      | XOM: noise
   534 | D:1      | XOM: noise
   596 | D:1      | HP: 4/16 [kobold/+0 short sword (2)]
   600 | D:1      | Reached skill level 3 in Fighting
   851 | D:1      | XOM: noise
   934 | D:1      | XOM: divination: detect creatures
   934 | D:1      | HP: 3/16 [gnoll/+0 club (5)]
   937 | D:1      | Reached skill level 2 in Armour
   937 | D:1      | Reached XP level 3. HP: 4/20 MP: 1/4
  1195 | D:1      | XOM: scenery: 1 doors close
  1306 | D:1      | You fall into a shaft and drop 1 floor!
  1484 | D:2      | Found Litecw's General Store.
  1641 | D:2      | Found an ornate altar of the Wu Jian Council.
  1822 | D:2      | XOM is BORED!
  1822 | D:2      | XOM: noise
  2157 | D:3      | XOM: 2-stop teleportation journey
  2168 | D:3      | Gained mutation: Your natural rate of healing is unusually
                  | fast. [Vine Stalker growth]
  2168 | D:3      | Reached XP level 4. HP: 12/24 MP: 3/5
  2373 | D:3      | Found a glowing drain.
  2380 | Sewer    | Entered a sewer
  2401 | Sewer    | Reached skill level 4 in Unarmed Combat
  2412 | Sewer    | Noticed Pargi
  2432 | Sewer    | Killed Pargi
  2433 | Sewer    | Reached skill level 4 in Fighting
  2433 | Sewer    | Reached skill level 3 in Armour
  2433 | Sewer    | Reached XP level 5. HP: 29/29 MP: 6/6
  2541 | D:2      | Bought a +1 pair of gloves for 126 gold pieces
  2780 | D:3      | XOM: 1-stop teleportation journey
  2919 | D:3      | Found an ornate altar of the Wu Jian Council.
  2923 | D:3      | Noticed Ijyb
  2934 | D:3      | XOM: noise
  2959 | D:3      | Killed Ijyb
  2960 | D:3      | Reached XP level 6. HP: 31/33 MP: 7/7
  3186 | D:4      | You pick up a book of Callings and begin reading...
  3186 | D:4      | You add the spells Summon Small Mammal, Call Canine
                  | Familiar and Summon Guardian Golem to your library.
  3263 | D:4      | XOM: 2-stop teleportation journey
  3635 | D:4      | XOM: enchant monster (good)
  3675 | D:4      | XOM: give mutations
  3675 | D:4      | Gained mutation: You are clumsy. (Dex -2) [Xom's mischief]
  3675 | D:4      | Lost mutation: You are clumsy. (Dex -2) [Xom's mischief]
  3675 | D:4      | Gained mutation: You are dopey. (Int -2) [Xom's mischief]
  3834 | D:4      | Reached skill level 5 in Unarmed Combat
  3834 | D:4      | Reached XP level 7. HP: 38/38 MP: 8/8
  3949 | D:4      | Reached skill level 4 in Armour
  3979 | D:4      | XOM: smoke on damage
  3980 | D:4      | HP: 14/57 [gnoll/+0 spear (2)]
  3982 | D:4      | HP: 4/57 [gnoll/+0 spear (4)]
  3983 | D:4      | HP: 1/57 [gnoll/+0 flail (3)]
  3983 | D:4      | Slain by a gnoll

Vanquished Creatures
  Pargi (Sewer)
  A black bear (D:4)
  A necrophage (D:4)
  An orc priest (D:4)
  2 hounds (D:4)
  An orc wizard (D:4)
  Ijyb (D:3)
  4 gnolls
  6 adders
  3 river rats (D:3)
  A worm (D:3)
  4 dart slugs
  9 orcs
  3 ball pythons
  2 endoplasms (D:1)
  2 giant cockroaches
  7 goblins
  5 hobgoblins
  2 jackals (D:1)
  10 kobolds
  2 quokkas (D:4)
  10 bats
  2 frilled lizards (D:1)
  7 rats
87 creatures vanquished.

Vanquished Creatures (others)
  A gnoll (D:4)
  3 fungi (D:1)
  A plant (D:1)
5 creatures vanquished.

Grand Total: 92 creatures vanquished

Table legend:
 A = Non-vault XP
 B = Vault XP
 C = Vault XP percentage of total XP
 D = Non-vault monster count
 E = Vault monster count
 F = Vault count percentage of total count
                 A         B        C        D         E       F
            +---------+---------+-------+---------+---------+-------
      Total |     526 |     337 |  39.0 |      67 |      20 |  23.0
            +---------+---------+-------+---------+---------+-------
        D:1 |      48 |       0 |   0.0 |      20 |       0 |   0.0
        D:2 |      30 |       0 |   0.0 |      10 |       0 |   0.0
        D:3 |      38 |     109 |  74.1 |      14 |       9 |  39.1
        D:4 |     410 |      84 |  17.0 |      23 |       5 |  17.9
      Sewer |       0 |     144 | 100.0 |       0 |       6 | 100.0
            +---------+---------+-------+---------+---------+-------

Illustrated notes

Table legend:
 A = Kills in this place as a percentage of kills in entire the game.
 B = Kills by you in this place as a percentage of kills by you in the entire game.
 C = Kills by friends in this place as a percentage of kills by friends in the entire game.
 D = Other kills in this place as a percentage of other kills in the entire game.
 E = Experience gained in this place as a percentage of experience gained in the entire game.
 F = Experience gained in this place divided by the number of levels of this place that you have seen.
                   A       B       C       D       E      F
               +-------+-------+-------+-------+-------+----------------------
         Total | 100.0 | 100.0 |   N/A |   N/A | 100.0 | 172.6
       Dungeon |  93.1 |  93.1 |   N/A |   N/A |  83.3 | 179.8
         Sewer |   6.9 |   6.9 |   N/A |   N/A |  16.7 | 144.0
               +-------+-------+-------+-------+-------+----------------------

Table legend: (Time is in decaauts)
 A = Elapsed time spent in this place.
 B = Non-inter-level travel time spent in this place.
 C = Inter-level travel time spent in this place.
 D = Time resting spent in this place.
 E = Time spent auto-exploring this place.
 F = Levels seen in this place.
 G = Mean time per level.
                   A        B        C        D        E       F      G
               +--------+--------+--------+--------+--------+-----+--------+
         Total |   4008 |   3825 |    183 |    167 |   2862 |   5 |  801.6 |
       Dungeon |   3886 |   3703 |    183 |    141 |   2829 |   4 |  971.5 |
         Sewer |    122 |    122 |      0 |     26 |     33 |   1 |  122.0 |
               +--------+--------+--------+--------+--------+-----+--------+

Top non-repeatable levels by time:
     D:1: 1301 daAuts
     D:3: 1103 daAuts
     D:4: 763 daAuts
     D:2: 717 daAuts
   Sewer: 122 daAuts
